AoeStats
← MrGrey

Arabia

509199101Analyzed
1v1 RM · 7d ago on Sep 25, 2026· 26m 6s· 2 players
Game mode
Random Map
Map size
Tiny (2 player)
Population
200
Speed
Normal
Resources
Standard
Victory
Conquest
Starting age
Dark Age
Ending age
Imperial Age
RankedLock teamsTeams togetherTeam positionsShared explorationLock speedFull tech treeHidden civsTurbo modeCheats
Victory
Defeat
🇺🇸 Aztecs · United States
1377
+16
🇦🇷 Magyars · Argentina
1378
-16
MrGrey
9:26 Feudal Age
11:25 Loom
13:46 Double-Bit Axe
14:11 Horse Collar
16:28 Fletching
22:15 Castle Age
20:42 Gold Mining
22:01 Scale Mail Armor
22:29 Crossbowman
23:04 Bodkin Arrow
22:31 Pikeman
23:30 Squires
24:11 Wheelbarrow
__16_Bacalao_ARG
5:10 Loom
10:16 Feudal Age
10:29 Man-at-Arms
18:51 Wheelbarrow
18:04 Horse Collar
23:16 Castle Age
22:19 Scale Barding Armor
22:42 Bloodlines
22:34 Double-Bit Axe
25:07 Chain Barding Armor
Connection lost

Rejoining the realm…

Still unreachable

The connection could not be restored.

Session expired

The server has moved on; the page needs a fresh start.